 Dungeon Crawl Stone Soup version 0.17-a0-986-gf45d1aa (webtiles) character file.

74 inmateoo the Vexing (level 4, -1/40 HPs)
             Began as a Troll Enchanter on May 11, 2015.
             Was an Initiate of Cheibriados.
             Slain by Sigmund
             ... wielding a +0 scythe
              (17 damage)
             ... on level 2 of the Dungeon.
             The game lasted 00:02:57 (922 turns).

inmateoo the Vexing (Troll Enchanter)                Turns: 922, Time: 00:02:57

Health: -1/40      AC:  6    Str: 17      XL:     4   Next: 10%
Magic:  5/5        EV:  9    Int: 13      God:    Cheibriados [......]
Gold:   57         SH:  0    Dex:  8 (11) Spells: 1 memorised, 5 levels left

rFire  . . .     SeeInvis .       - Unarmed
rCold  . . .     Clarity  .     b - +1 robe
rNeg   + . .     SustAb   .     (no shield)
rPois  .         Gourm    +     (helmet restricted)
rElec  .         Spirit   .     (no cloak)
rCorr  .         Warding  .     (gloves unavailable)
rMut   .         Stasis   .     (boots unavailable)
MR     .....                    (no amulet)
Stlth  +.........               (no ring)
                                f - ring of positive energy

@: confused, very slow, not resistant to hostile enchantments, very unstealthy
A: unfitting armour, claws 3, fast metabolism 3, gourmand, regeneration 2,
shaggy fur 1, tough skin 2
a: Bend Time, Renounce Religion


You were on level 2 of the Dungeon.
You worshipped Cheibriados.
Cheibriados was noncommittal.
You were very full.

You visited 1 branch of the dungeon, and saw 2 of its levels.

You collected 57 gold pieces.

Inventory:

Hand weapons
 a - a +1 dagger
Armour
 b - a +1 robe (worn)
Jewellery
 f - a ring of positive energy (left claw)
Scrolls
 h - a scroll of remove curse {unknown}
 i - a scroll of enchant weapon {unknown}
 l - 2 scrolls of teleportation {unknown}
 m - a scroll of magic mapping {unknown}
 o - a scroll of blinking {unknown}
 p - a scroll of noise {unknown}
 q - a scroll of identify {unknown}
Potions
 e - a potion of degeneration
 g - a potion of curing
 j - 2 potions of brilliance {unknown}
 k - a potion of agility {unknown}
Books
 c - a book of Maledictions

   Spells                             Type                      Level
   a - Corona                         Hexes                        1
   b - Ensorcelled Hibernation        Hexes/Ice                    2
   c - Confuse                        Hexes                        3
   d - Tukima's Dance                 Hexes                        3
   e - Dazzling Spray                 Conjuration/Hexes            3
Comestibles
 d - 4 bread rations
 n - 2 meat rations


   Skills:
 + Level 0.5 Fighting
 - Level 0.7 Short Blades
 + Level 1.9 Dodging
 + Level 2.1 Stealth
 * Level 1.7 Unarmed Combat
 + Level 1.5 Spellcasting
 * Level 2.2 Hexes


You had 5 spell levels left.
You knew the following spells:

 Your Spells              Type           Power        Failure   Level  Hunger
a - Corona                Hex            #......      12%         1    ##.....


Dungeon Overview and Level Annotations

Branches:
Dungeon (2/15)

Altars:
Cheibriados
Dithmenos
Sif Muna
Xom
The Shining One

Annotations:
D:2 Sigmund


Innate Abilities, Weirdness & Mutations

You are too large for most types of armour.
You have claws for hands.
Your metabolism is lightning-fast.
You like to eat raw meat.
You heal very quickly.
You are covered in fur (AC +1).
You have very tough skin (AC +2).


Message History

Drink which item? (? for menu, Esc to quit)
It was a potion of degeneration.
There was something very wrong with that liquid.
You feel clumsy.
Drink which item? (? for menu, Esc to quit)
It was a potion of curing.
You feel better. Something hits you but does no damage.
The ball python barely misses you.
You miss something.
The ball python bites you but does no damage.
You closely miss something.
You hear some strange, mumbled words.
A magic dart appears from out of thin air!
The magic dart hits you!
The ball python bites you but does no damage.
You closely miss something.
You hear some strange, mumbled words.
You are confused.
The ball python bites you but does no damage.
You bump into the rock wall.
Something hits you!
You die...

.....)..........#
####†.##.##.....#
#..##.#......#
#...#...#.####
####.#.#..##.##
#........###..###
..).###.....#...#
#.#####.###...#.######.#
..).............@{......
#####...#####.###S.#.##.
# ##.)# #.. ..# # #..#
##.# ....
#######.#####... ....#
.............<# ..#...
#######).....## .....##
#.####.# #.. ## #.# (.


You could see a ball python.

Vanquished Creatures
  3 adders (D:2)
  A giant gecko (D:1)
  2 giant cockroaches (D:1)
  5 hobgoblins
  A quokka (D:2)
  6 bats
  2 giant newts
  4 goblins
  6 jackals
  8 kobolds
  8 rats
46 creatures vanquished.

Notes
Turn   | Place    | Note
--------------------------------------------------------------
     0 | D:1      | inmateoo the Troll Enchanter began the quest for the Orb.
     0 | D:1      | Reached XP level 1. HP: 16/16 MP: 1/1
   203 | D:1      | Reached XP level 2. HP: 19/24 MP: 3/3
   260 | D:1      | Reached skill level 1 in Unarmed Combat
   602 | D:1      | Reached XP level 3. HP: 31/31 MP: 4/4
   779 | D:2      | Found a shimmering altar of Xom.
   781 | D:2      | Found a glowing golden altar of the Shining One.
   782 | D:2      | Found a snail-covered altar of Cheibriados.
   784 | D:2      | Found a shadowy altar of Dithmenos.
   784 | D:2      | Found a deep blue altar of Sif Muna.
   802 | D:2      | Reached XP level 4. HP: 36/40 MP: 5/5
   835 | D:2      | Became a worshipper of Cheibriados the Contemplative
   880 | D:2      | Noticed Sigmund
   922 | D:2      | Slain by Sigmund

Vault maps used:
D:1:      roderic_crossed_star, minmay_misc_feat_columns,
          minmay_misc_feat_encased
D:2:      kennysheep_goblin_castle, grunt_temple_overflow_open, uniq_sigmund

Action                   |  1- 3 |  4- 6 || total
-------------------------+-------+-------++-------
Melee: Unarmed           |   144 |    35 ||   179
  Use: Potion            |       |     2 ||     2
  Eat: Chunk             |    13 |       ||    13
